 Dungeon Crawl Stone Soup version 0.23.0 (webtiles) character file.

Game seed: 6453808087814104022

332390 Mrkaede the Warrior (level 20, -2/171 HPs)
             Began as a Minotaur Fighter on Feb 7, 2019.
             Was a High Priest of Hepliaklqana.
             Killed from afar by an ogre mage (7 damage)
             ... with a bolt of lightning
             ... while paralysed by an ogre mage
             ... on level 5 of the Vaults on Feb 15, 2019.
             The game lasted 03:23:57 (41236 turns).

Mrkaede the Warrior (Minotaur Fighter)             Turns: 41236, Time: 03:23:59

Health: -2/171     AC: 43    Str: 29    XL:     20   Next: 89%
Magic:  23/23      EV:  2    Int:  3    God:    Hepliaklqana [*****.]
Gold:   1439       SH:  0    Dex: 17    Spells: 19/19 levels left

rFire    . . .     SeeInvis +   r - +8 demon trident (freeze)
rCold    + . .     Gourm    .   a - +0 large shield {AC+3}
rNeg     + + .     Faith    .   Q - +7 plate armour {rN+}
rPois    +         Spirit   .   g - +1 hat
rElec    +         Reflect  +   D - +2 cloak {rPois}
rCorr    .         Harm     .   c - +2 pair of gloves
MR       .....                  K - +2 pair of boots {run}
Stlth    ..........             Y - +2 amulet of reflection
HPRegen  0.38/turn              W - ring "Keineim" {Wiz rElec MR- Str+5}
MPRegen  0.18/turn              S - ring "Vouzosch" {rElec rC+ rN+ Str-3 SInv}

@: paralysed, quick
A: retaliatory headbutt, reduced essence, horns 2, icy blue scales 1, thin
skeletal structure 1, agile 1, dopey 1, sense surroundings 1
}: 2/15 runes: barnacled, gossamer
a: Recall Ancestor, Ancestor Identity, Transference, Idealise, Renounce Religion


You were on level 5 of the Vaults.
You worshipped Hepliaklqana.
Hepliaklqana was extremely pleased with you.
You were not hungry.

You visited 7 branches of the dungeon, and saw 35 of its levels.
You visited the Abyss 2 times.
You visited 1 bazaar.
You also visited: Ice Cave and Desolation.

You collected 3250 gold pieces.
You spent 1811 gold pieces at shops.

Inventory:

Hand Weapons
 i - a +9 glaive of venom
 r - a +8 demon trident of freezing (weapon)
Missiles
 l - 7 javelins of penetration (quivered)
 y - 28 poisoned javelins
 H - 29 javelins
Armour
 a - a +0 large shield of protection (worn)
 c - a +2 pair of gloves (worn)
 g - a +1 hat (worn)
 D - a +2 cloak of poison resistance (worn)
 K - a +2 pair of boots of running (worn)
 N - a +2 pair of boots of flying
 Q - a +7 plate armour of positive energy (worn)
Jewellery
 C - a +6 ring of protection
 R - the ring of Tiaq {rPois MR+ MP+9 Int-2}
   (You found it in the Desolation of Salt)

   [ring of magical power]

   It affects your intelligence (-2).
   It protects you from poison.
   It affects your resistance to hostile enchantments.
   It affects your magic capacity (+9).
 S - the ring "Vouzosch" (right hand) {rElec rC+ rN+ Str-3 SInv}
   (You acquired it on level 2 of the Vaults)

   [ring of protection from cold]

   It affects your strength (-3).
   It protects you from cold.
   It insulates you from electricity.
   It protects you from negative energy.
   It lets you see invisible.
 T - a +2 ring of intelligence
 W - the ring "Keineim" (left hand) {Wiz rElec MR- Str+5}
   (You found it in the Desolation of Salt)

   [ring of wizardry]

   It improves your spell success rate.
   It affects your strength (+5).
   It insulates you from electricity.
   It affects your resistance to hostile enchantments.
 Y - a +2 amulet of reflection (around neck)
Wands
 o - a wand of digging (7)
 B - a wand of iceblast (2)
 G - a wand of disintegration (32)
 M - a wand of acid (5)
 Z - a wand of flame (19)
Scrolls
 k - a scroll of blinking
 s - 15 scrolls of remove curse
 v - 7 scrolls of magic mapping
 A - 12 scrolls of identify
 L - a scroll of summoning
 V - a scroll of holy word
Potions
 j - a potion of cancellation
 t - 5 potions of ambrosia
 u - a potion of curing
 x - a potion of magic
 F - a potion of haste
 X - a potion of mutation
Miscellaneous
 m - a lamp of fire
 p - a lightning rod (inert)
 P - a lamp of fire
 U - a lamp of fire
Comestibles
 b - 11 chunks of flesh
 f - 47 rations


   Skills:
 * Level 19.0 Fighting
 + Level 18.0 Polearms
 + Level 12.1 Throwing
 * Level 19.0 Armour
 * Level 17.5 Dodging
 * Level 18.9 Shields
 - Level 6.0 Invocations


You had 19 spell levels left.
You didn't know any spells.
Your spell library contained the following spells:

 Spells                   Type           Power        Failure   Level  Hunger
 Animate Skeleton         Necr           N/A          91%         1    ##.....
 Confusing Touch          Hex            #.....       91%         1    ##.....
 Corona                   Hex            #......      91%         1    ##.....
 Infusion                 Chrm           #...         91%         1    ##.....
 Magic Dart               Conj           #...         91%         1    ##.....
 Pain                     Necr           #...         91%         1    ##.....
 Ensorcelled Hibernation  Hex/Ice        #.....       97%         2    ###....
 Poisonous Vapours        Pois/Air       #.....       97%         2    ###....
 Searing Ray              Conj           #.....       97%         2    ###....
 Throw Frost              Conj/Ice       #.....       97%         2    ###....
 Confuse                  Hex            #.......     99%         3    ####...
 Conjure Flame            Conj/Fire      #.......     99%         3    ####...
 Dazzling Spray           Conj/Hex       #.....       99%         3    ####...
 Gell's Gravitas          Tloc           #.........   99%         3    ####...
 Mephitic Cloud           Conj/Pois/Air  #.......     99%         3    ####...
 Ozocubu's Armour         Chrm/Ice       #.......     99%         3    ####...
 Recall                   Summ/Tloc      N/A          99%         3    ####...
 Regeneration             Chrm/Necr      #.........   99%         3    ####...
 Spectral Weapon          Hex/Chrm       #.......     99%         3    ####...
 Stone Arrow              Conj/Erth      #.....       99%         3    ####...
 Tukima's Dance           Hex            #.......     99%         3    ####...
 Vampiric Draining        Necr           #.........   99%         3    ####...
 Animate Dead             Necr           N/A          100%        4    #####..
 Force Lance              Conj/Tloc      #.......     100%        4    #####..
 Fulminant Prism          Conj/Hex       #.........   100%        4    #####..
 Iskenderun's Mystic Bla  Conj           #.......     100%        4    #####..
 Leda's Liquefaction      Hex/Erth       #.........   100%        4    #####..
 Petrify                  Tmut/Erth      #.......     100%        4    #####..
 Summon Ice Beast         Ice/Summ       #.......     100%        4    #####..
 Aura of Abjuration       Summ           #.........   100%        5    ######.
 Bolt of Magma            Conj/Fire/Erth #.........   100%        5    ######.
 Iskenderun's Battlesphe  Conj/Chrm      #.......     100%        5    ######.
 Lee's Rapid Deconstruct  Erth           #.........   100%        5    ######.
 Metabolic Englaciation   Hex/Ice        #.........   100%        5    ######.
 Silence                  Hex/Air        #.........   100%        5    ######.
 Summon Demon             Summ           #.........   100%        5    ######.
 Summon Forest            Summ/Tloc      #.........   100%        5    ######.
 Summon Mana Viper        Hex/Summ       #.......     100%        5    ######.
 Venom Bolt               Conj/Pois      #.........   100%        5    ######.
 Yara's Violent Unravell  Hex/Tmut       #.........   100%        5    ######.
 Deflect Missiles         Chrm/Air       #.........   100%        6    #######
 Freezing Cloud           Conj/Ice/Air   #.........   100%        6    #######
 Iron Shot                Conj/Erth      #.........   100%        6    #######
 Shadow Creatures         Summ           N/A          100%        6    #######
 Statue Form              Tmut/Erth      #........    100%        6    #######
 Orb of Destruction       Conj           #.........   100%        7    #######
 Ring of Flames           Chrm/Fire      #.........   100%        7    #######
 Spellforged Servitor     Conj/Summ      #.........   100%        7    #######
 Shatter                  Erth           #.........   100%        9    #######
 Tornado                  Air            #.........   100%        9    #######


Dungeon Overview and Level Annotations

Branches:
Dungeon (14/15)            Temple (1/1) D:6            Lair (5/6) D:8
 Shoals (4/4) Lair:2       Spider (4/4) Lair:2        Slime (0/5) Lair:5
    Orc (2/2) D:12            Elf (0/3) Orc:2        Vaults (5/5) D:14
  Crypt (0/3) Vaults:2

Altars:
Ashenzari
Cheibriados
Dithmenos
Elyvilon
Fedhas
Gozag
Hepliaklqana
Kikubaaqudgha
Makhleb
Nemelex Xobeh
Okawaru
Qazlal
Ru
Sif Muna
Trog
Uskayaw
Vehumet
Wu Jian
Xom
Yredelemnul
Zin
The Shining One

Shops:
D:4 *   D:12 (}*%   Orc:2 ?!?(   Shoals:1 *   Shoals:3 *   Shoals:4 }
Vaults:1 :


Innate Abilities, Weirdness & Mutations

You reflexively headbutt those who attack you in melee.
You have a pair of horns on your head.
Your life essence is reduced to manifest your ancestor. (-10% HP)
You are partially covered in icy blue scales. (AC +2)
You have a somewhat thin skeletal structure. (Dex +2, Stealth)
You are agile. (Dex +2)
You are dopey. (Int -2)
You passively map a small area around you.


Message History

Teicuih seems to speed up.
The ogre mage casts a spell at you.
You struggle to resist.
The yaktaur shoots a bolt.
The bolt hits you but does no damage.
The necromancer casts a spell.
The necromancer binds the souls of nearby monsters.
The ironbrand convoker casts a spell at the ironbrand convoker.
The ironbrand convoker seems to grow stronger.
The stone giant throws a large rock.
The large rock hits you!
* * * LOW HITPOINT WARNING * * *
Teicuih hits the stone giant with a +0 lajatang of freezing!!
Teicuih freezes the stone giant!
The yaktaur shoots a bolt.
The bolt hits you but does no damage.
Teicuih points at the stone giant and mumbles some strange words.
The stone arrow hits the stone giant.
The ogre mage hits you but does no damage.
The stone giant hits Teicuih!!
The ogre mage points at you and mumbles some strange words.
The bolt of lightning hits you! You resist.
You die...

#..# , ,
#.(# #.p#
, #C.# ,
, #(.# ,
, #pp# ,
#Cc# , ,
#OR#,, ,
, #@.# ,
, #))# ,
#.(#, ,
#..# , ,*
#..#.. *
, #..#..,
, ,
#..#D####
, ,
#c.#....#
* *
#..#....#
,* ,


You could see the friendly Teicuih the battlemage, a stone giant, an ettin, an
ogre mage, 2 ironbrand convokers, 2 yaktaurs and a necromancer.

Vanquished Creatures
  Mennas (Vaults:3)
  Boris (Vaults:2)
  A golden dragon (Vaults:5)
  Rupert (D:14)
  A lich (Vaults:4)
  A quicksilver dragon (Vaults:5)
  A shadow dragon (Vaults:5)
  2 tentacled starspawn (Abyss:4)
  A sphinx (Vaults:5)
  4 tengu reavers
  A revenant (Abyss:4)
  4 frost giants
  A fire giant (Vaults:3)
  2 deep elf sorcerers
  2 imperial myrmidons (Desolation)
  5 emperor scorpions
  6 vault wardens
  3 very ugly things (Vaults:3)
  8 ironheart preservers
  8 stone giants
  3 entropy weavers
  A deep elf demonologist (Vaults:4)
  2 halazid warlocks (Desolation)
  A spark wasp (Spider:4)
  A deep elf annihilator (Vaults:4)
  4 merfolk javelineers
  3 ragged hierophants (Desolation)
  5 merfolk impalers
  An ettin (Vaults:3)
  A crystal guardian (Desolation)
  A deep elf high priest (Vaults:5)
  6 yaktaur captains
  A starcursed mass (Abyss:4)
  5 peacekeepers (Desolation)
  25 vault guards
  A rakshasa (Vaults:3)
  2 ice dragons
  5 centaur warriors
  A death knight (Vaults:4)
  6 servants of whispers (Desolation)
  2 hydras
  5 merfolk avatars
  4 merfolk aquamancers
  24 two-headed ogres
  A tengu warrior (D:14)
  A death yak (Shoals:3)
  8 ogre magi
  4 death scarabs (Spider:4)
  An orc high priest (Orc:1)
  4 deep elf knights
  A spatial maelstrom (Abyss:4)
  A sun demon (Abyss:4)
  8 skeletal warriors
  A flayed ghost (Vaults:4)
  2 deep trolls (Vaults:1)
  A glowing orange brain (Vaults:5)
  4 sea snakes
  A wizard (D:13)
  3 deep elf archers
  13 ironbrand convokers
  3 phantasmal warriors
  5 harpies
  A wolf spider zombie (Spider:4)
  A harpy (shapeshifter) (Vaults:5)
  9 orc knights
  7 orb spiders
  2 spectral wolf spiders (Spider:4)
  20 wolf spiders
  7 cyclopes
  17 ugly things
  A mana viper (shapeshifter) (Vaults:1)
  8 manticores
  4 fauns
  A shining eye (shapeshifter) (Vaults:1)
  8 deep elf magi
  3 ice statues (IceCv)
  3 merfolk sirens
  10 vault sentinels
  A centaur skeleton (D:13)
  A human skeleton (Vaults:4)
  2 water nymphs
  3 black mambas
  3 guardian serpents (Desolation)
  Psyche (D:12)
  A spiny frog (Lair:3)
  A rime drake (Lair:5)
  5 demonic crawlers
  19 yaktaurs
  3 freezing wraiths
  10 ice devils (IceCv)
  6 komodo dragons
  3 anaconda simulacra (IceCv)
  A golden dragon simulacrum (IceCv)
  6 trolls
  A polar bear (shapeshifter) (Vaults:2)
  3 tengu conjurers (D:14)
  15 jumping spiders
  2 wind drakes (Shoals:4)
  10 merfolk
  4 spectral jumping spiders (Spider:4)
  5 spectral tarantellas (Spider:4)
  4 hornets
  3 hippogriffs
  40 saltlings (Desolation)
  A tarantella zombie (Spider:4)
  A blink frog (Abyss:4)
  2 tyrant leeches (Spider:2)
  13 slime creatures
  A dream sheep (Shoals:2)
  A fire giant simulacrum (Vaults:1)
  7 snapping turtles
  54 redbacks
  14 tarantellas
  2 water elementals (Shoals:2)
  2 wraiths
  A wyvern (Lair:5)
  16 yaks
  A human (shapeshifter) (Vaults:3)
  16 humans
  A basilisk (D:14)
  A large abomination (Abyss:4)
  5 vampire mosquitoes
  A warg (Vaults:1)
  A yaktaur simulacrum (Vaults:3)
  3 harpy simulacra (IceCv)
  2 acid dragons
  2 water moccasins
  A swamp drake (D:12)
  10 porcupines
  An eye of draining (D:12)
  24 orc warriors
  2 ice beasts
  2 black bears
  2 phantoms
  31 ogres
  An elf zombie (Vaults:4)
  An ettin simulacrum (IceCv)
  7 wolves
  4 boggarts (Vaults:1)
  12 centaurs
  11 crocodiles
  2 big kobolds
  A big kobold (shapeshifter) (Vaults:3)
  2 wyvern zombies
  11 bullfrogs
  A water moccasin zombie (D:8)
  3 earth elementals (Spider:2)
  15 killer bees
  A scorpion (D:8)
  3 wights (D:14)
  6 electric eels
  5 howler monkeys
  4 crimson imps
  5 jellies
  6 centaur zombies
  A quasit (D:11)
  5 hounds
  20 orc priests
  Crazy Yiuf (D:4)
  18 orc wizards
  Jessica (D:2)
  4 iguanas
  5 worker ants
  3 gnolls (D:5)
  13 adders
  A shadow imp (D:4)
  6 oozes
  3 adder skeletons
  3 worms
  A dart slug (D:1)
  3 leopard geckos
  68 orcs
  6 giant cockroaches
  4 goblins
  13 hobgoblins
  6 jackals (D:7)
  3 quokkas
  A ball python (D:2)
  5 bats
  3 frilled lizards
  A giant cockroach zombie (D:6)
  17 kobolds
  2 leopard gecko zombies (D:6)
  A quokka zombie (D:6)
  9 rats
  A plant (Shoals:3)
  4 starspawn tentacles (Abyss:4)
1035 creatures vanquished.

Vanquished Creatures (collateral kills)
  Sojobo (Vaults:2)
  Nikola (Vaults:2)
  An Ice Fiend (IceCv)
  Asterion (Vaults:1)
  Polyphemus (Shoals:3)
  A sphinx (Vaults:3)
  A tentacled starspawn (Abyss:4)
  3 vault wardens
  An emperor scorpion (Spider:4)
  A ghost moth (Spider:4)
  2 ironheart preservers
  2 spark wasps
  A crystal guardian (Desolation)
  4 merfolk impalers
  A fire dragon (Vaults:4)
  2 great orbs of eyes
  Harold (Lair:2)
  A peacekeeper (Desolation)
  A merfolk avatar (Shoals:2)
  A vault guard (Vaults:5)
  3 ogre magi
  4 two-headed ogres
  A catoblepas (Shoals:3)
  2 merfolk aquamancers
  A death yak (Shoals:3)
  A satyr (Shoals:3)
  2 death knights
  2 death scarabs (Spider:4)
  3 orc high priests (Orc:2)
  Urug (Lair:5)
  Sonja (D:11)
  7 sea snakes
  2 wretched stars (Abyss:4)
  A swamp dragon (shapeshifter) (Vaults:5)
  An unseen horror (D:14)
  2 deep trolls
  3 deep elf archers
  4 ironbrand convokers
  A necromancer (Vaults:4)
  A spectral wolf spider (Spider:4)
  2 orc knights
  An ugly thing (Vaults:1)
  A harpy (Shoals:2)
  6 orb spiders
  2 wolf spider zombies (Spider:4)
  14 wolf spiders
  4 manticores
  3 fauns
  2 deep elf magi
  2 moths of wrath (Spider:4)
  2 orc sorcerers
  5 starcursed masses (Abyss:4)
  A guardian serpent (shapeshifter) (Vaults:4)
  A centaur zombie (D:12)
  A guardian serpent (Desolation)
  Joseph (D:9)
  An ice statue (IceCv)
  3 merfolk sirens
  2 spiny frogs
  3 demonic crawlers (Spider:4)
  A komodo dragon (Lair:5)
  5 yaktaurs
  A freezing wraith (Vaults:2)
  2 ice devils (IceCv)
  A redback zombie (Spider:4)
  2 trolls
  11 jumping spiders
  A queen bee (D:10)
  7 merfolk
  6 saltlings (Desolation)
  2 tyrant leeches (Spider:2)
  3 hornets
  A spectral jumping spider (Spider:4)
  A wind drake (Shoals:2)
  A tarantella zombie (Spider:4)
  5 slime creatures
  5 snapping turtles
  A slime creature (shapeshifter) (Vaults:1)
  3 hippogriffs
  2 jumping spider zombies (Spider:4)
  A dream sheep (Shoals:2)
  A stone giant simulacrum (Vaults:1)
  A dire elephant simulacrum (IceCv)
  12 redbacks
  A wyvern (Lair:4)
  2 tarantellas (Spider:4)
  A wraith (D:11)
  A ynoxinul (Abyss:3)
  5 water elementals
  6 yaks
  A human (D:14)
  A golden eye (shapeshifter) (Vaults:4)
  2 wargs
  A hungry ghost (D:8)
  3 water moccasins
  An iron troll simulacrum (IceCv)
  2 porcupines
  A spectral hornet (Spider:4)
  6 orc warriors
  A hornet zombie (Spider:4)
  A phantom (D:11)
  A necrophage (D:11)
  A black bear (D:12)
  6 ogres
  3 wolves
  A centaur (D:9)
  2 crocodiles (Lair:1)
  2 big kobolds
  5 bullfrogs
  An earth elemental (Spider:2)
  2 human skeletons (Vaults:4)
  A scorpion (D:10)
  4 killer bees
  2 bullfrog zombies
  5 orc priests
  A jelly (D:8)
  10 orc wizards
  A worker ant (D:7)
  An adder (D:6)
  3 gnolls (D:7)
  A shadow imp (D:10)
  An ooze (D:8)
  3 worms (D:10)
  19 orcs
  A giant cockroach (D:7)
  2 goblins (D:5)
  A jackal (D:7)
  10 kobolds
  A leopard gecko zombie (D:9)
  4 plants
  A starspawn tentacle (Abyss:4)
336 creatures vanquished.

Vanquished Creatures (others)
  A vault warden (Vaults:4)
  A ghost moth (Spider:4)
  An ironheart preserver (Vaults:4)
  A yaktaur captain (Vaults:2)
  A satyr (Shoals:4)
  A deep elf archer (Vaults:1)
  2 cyclopes
  7 yaktaurs
  An ogre (Vaults:4)
  A boggart (Vaults:1)
  3 centaurs (D:14)
  50 battlemagi
  An ancestor (D:4)
  3 orcs
  3 fungi
  A lurking horror (Abyss:4)
  14 plants
  3 starspawn tentacles (Abyss:4)
95 creatures vanquished.

Grand Total: 1466 creatures vanquished

Notes
Turn   | Place    | Note
-------+----------+-------------------------------------------
     0 | D:1      | Mrkaede the Minotaur Fighter began the quest for the Orb.
     0 | D:1      | Reached XP level 1. HP: 19/19 MP: 0/0
   415 | D:1      | Reached XP level 2. HP: 27/27 MP: 1/1
   735 | D:2      | Reached skill level 1 in Dodging
   789 | D:2      | Reached XP level 3. HP: 30/33 MP: 2/2
   857 | D:2      | Found a hazy altar of Hepliaklqana.
  1159 | D:2      | Noticed Jessica
  1168 | D:2      | Killed Jessica
  1168 | D:2      | Reached skill level 1 in Throwing
  1168 | D:2      | Reached XP level 4. HP: 36/40 MP: 3/3
  1389 | D:2      | You fall through a shaft for 2 floors!
  1716 | D:3      | Reached XP level 5. HP: 45/47 MP: 4/4
  2827 | D:2      | Became a worshipper of Hepliaklqana the Forgotten
  2885 | D:4      | Noticed a phantom
  2897 | D:4      | Reached XP level 6. HP: 47/47 MP: 5/5
  2922 | D:4      | Reached skill level 5 in Shields
  2941 | D:4      | Found Koaxu Kett's Assorted Antiques.
  2958 | D:4      | Reached skill level 5 in Fighting
  2958 | D:4      | Reached skill level 5 in Armour
  3200 | D:4      | Found a runed translucent door.
  3201 | D:4      | Noticed Crazy Yiuf
  3209 | D:4      | Killed Crazy Yiuf
  3354 | D:5      | Entered Level 5 of the Dungeon
  3388 | D:5      | Reached XP level 7. HP: 54/54 MP: 6/6
  3537 | D:5      | Found an iron altar of Okawaru.
  3662 | D:5      | Found a shattered altar of Ashenzari.
  3747 | D:5      | Reached * piety under Hepliaklqana
  4039 | D:6      | Found a basalt altar of Yredelemnul.
  4057 | D:6      | Reached skill level 5 in Polearms
  4142 | D:6      | Found a white marble altar of Elyvilon.
  4143 | D:6      | Found a glowing golden altar of the Shining One.
  4249 | D:6      | Found a staircase to the Ecumenical Temple.
  4263 | D:6      | Reached XP level 8. HP: 56/63 MP: 5/7
  4273 | Temple   | Entered the Ecumenical Temple
  4496 | D:6      | Gained mutation: You are dopey. (Int -2) [potion of
                  | mutation]
  4496 | D:6      | Gained mutation: You occasionally shout uncontrollably at
                  | your foes. [potion of mutation]
  4496 | D:6      | Gained mutation: You have a somewhat thin skeletal
                  | structure. (Dex +2, Stealth) [potion of mutation]
  4497 | D:6      | Lost mutation: You occasionally shout uncontrollably at
                  | your foes. [potion of mutation]
  4497 | D:6      | Lost mutation: You are dopey. (Int -2) [potion of mutation]
  4497 | D:6      | Gained mutation: You are agile. (Dex +2) [potion of
                  | mutation]
  4497 | D:6      | Gained mutation: You are resistant to hostile enchantments.
                  | (MR+) [potion of mutation]
  4497 | D:6      | Gained mutation: You are dopey. (Int -2) [potion of
                  | mutation]
  4497 | D:6      | Gained mutation: You passively map a small area around you.
                  | [potion of mutation]
  4778 | D:7      | Reached ** piety under Hepliaklqana
  4781 | D:7      | Remembered your ancestor Teicuih as a battlemage
  5147 | D:7      | Reached skill level 1 in Invocations
  5430 | D:8      | Found a snail-covered altar of Cheibriados.
  5498 | D:8      | Reached *** piety under Hepliaklqana
  5530 | D:8      | Found a shimmering altar of Xom.
  5689 | D:8      | Noticed a hippogriff
  5700 | D:8      | Killed a hippogriff
  5700 | D:8      | Reached skill level 5 in Dodging
  5782 | D:8      | Reached XP level 9. HP: 70/70 MP: 9/9
  6419 | D:8      | Found a staircase to the Lair.
  6648 | D:9      | Noticed a green ugly thing
  6662 | D:9      | Killed a green ugly thing
  6979 | D:9      | Found a sparkling altar of Nemelex Xobeh.
  7001 | D:9      | Noticed a troll
  7002 | D:9      | Noticed Joseph
  7010 | D:9      | Killed a troll
  7010 | D:9      | Reached XP level 10. HP: 76/79 MP: 9/11
  7013 | D:9      | Paralysed by a hornet for 2 turns
  7298 | D:9      | Killed Joseph
  7377 | D:9      | Reached **** piety under Hepliaklqana
  7533 | D:9      | Found a burning altar of Makhleb.
  7534 | D:9      | Found an ornate altar of the Wu Jian Council.
  7534 | D:9      | Found an ancient bone altar of Kikubaaqudgha.
  7715 | D:10     | Entered Level 10 of the Dungeon
  7727 | D:10     | Found a hazy altar of Hepliaklqana.
  8342 | D:10     | Reached ***** piety under Hepliaklqana
  8729 | D:11     | Noticed Sonja
  8735 | D:11     | Killed Sonja
  8821 | D:11     | Reached skill level 5 in Throwing
  9057 | D:11     | Reached XP level 11. HP: 86/87 MP: 12/12
  9061 | D:11     | Noticed a two-headed ogre
  9065 | D:11     | Killed a two-headed ogre
  9345 | D:12     | Noticed a two-headed ogre
  9348 | D:12     | Found Zuageucw's Antique Weapon Shop.
  9356 | D:12     | Killed a two-headed ogre
  9362 | D:12     | Bought a runed glaive for 218 gold pieces
  9445 | D:12     | Found a flickering gateway to a bazaar.
  9456 | Bazaar   | Entered a bazaar
  9456 | Bazaar   | Found Vaamodee's Antique Weapon Shop.
  9468 | Bazaar   | Found Akhlog's General Store.
  9495 | Bazaar   | Found Ysuegax's Antique Armour Shop.
  9530 | Bazaar   | Bought a scroll of identify for 24 gold pieces
  9530 | Bazaar   | Bought a scroll of enchant armour for 90 gold pieces
  9782 | D:12     | Found Afeg's Food Shop.
  9859 | D:12     | Noticed Psyche
  9864 | D:12     | Killed Psyche
  9904 | D:12     | Reached skill level 10 in Armour
  9959 | D:12     | Found Nyli's Gadget Shop.
  9967 | D:12     | Bought a lamp of fire for 520 gold pieces
  9987 | D:12     | Reached skill level 10 in Shields
 10009 | D:12     | Reached skill level 10 in Fighting
 10031 | D:12     | Found a staircase to the Orcish Mines.
 10193 | D:12     | Found Qegroi's Assorted Antiques.
 10352 | Lair:1   | Entered Level 1 of the Lair of Beasts
 10772 | Lair:1   | Reached skill level 10 in Polearms
 10811 | Lair:1   | Reached XP level 12. HP: 46/95 MP: 14/14
 10984 | Lair:1   | Noticed a four-headed hydra
 10992 | Lair:1   | Killed an eight-headed hydra
 11447 | Lair:2   | Found a hole to the Spider Nest.
 11470 | Lair:2   | Reached skill level 5 in Invocations
 11528 | Lair:2   | Reached ****** piety under Hepliaklqana
 11688 | Lair:2   | Noticed Harold
 11700 | Lair:2   | Killed Harold
 11724 | Lair:2   | Found a staircase to the Shoals.
 13545 | Lair:4   | Noticed a seven-headed hydra
 13553 | Lair:4   | Killed a seven-headed hydra
 14066 | Lair:5   | Found a staircase to the Slime Pits.
 14118 | Lair:5   | Reached skill level 10 in Dodging
 14294 | Lair:5   | Noticed Urug
 14303 | Lair:5   | Killed Urug
 14321 | Lair:5   | Reached XP level 13. HP: 104/104 MP: 16/16
 14882 | Orc:1    | Entered Level 1 of the Orcish Mines
 15610 | Orc:2    | Entered Level 2 of the Orcish Mines
 15615 | Orc:2    | Found a staircase to the Elven Halls.
 15998 | Orc:2    | Found Jasir's Magic Scroll Boutique.
 15998 | Orc:2    | Found Keonum's Antique Weapon Shop.
 15998 | Orc:2    | Found Vihoeras's Magic Scroll Shop.
 16001 | Orc:2    | Found Zumegheg's Distillery.
 16008 | Orc:2    | Bought a scroll of enchant weapon for 97 gold pieces
 16008 | Orc:2    | Bought a scroll of enchant weapon for 97 gold pieces
 16701 | Spider:1 | Entered Level 1 of the Spider Nest
 17071 | Spider:1 | Noticed an emperor scorpion
 17101 | Spider:1 | Killed an emperor scorpion
 18651 | Spider:2 | Reached XP level 14. HP: 86/114 MP: 17/17
 18934 | Spider:2 | Noticed an entropy weaver
 18941 | Spider:2 | Killed an entropy weaver
 19815 | Spider:3 | Noticed an emperor scorpion
 19831 | Spider:3 | Killed an emperor scorpion
 20249 | Spider:3 | Noticed an entropy weaver
 20261 | Spider:3 | Killed an entropy weaver
 21523 | Spider:4 | Entered Level 4 of the Spider Nest
 22297 | Spider:4 | Killed a ghost moth
 22306 | Spider:4 | Noticed an emperor scorpion
 22311 | Spider:4 | HP: 5/116 [tarantella (2)]
 22314 | Spider:4 | HP: 2/116 [spectral tarantella (2)]
 22595 | Spider:4 | Killed an emperor scorpion
 22595 | Spider:4 | Reached XP level 15. HP: 77/122 MP: 18/18
 23901 | Spider:4 | Killed a ghost moth
 24517 | Spider:4 | Got a gossamer rune of Zot
 24753 | Shoals:1 | Entered Level 1 of the Shoals
 25157 | Shoals:1 | Found Qeidaa's Mass Market.
 25174 | Shoals:1 | Bought a +0 large shield of protection for 207 gold pieces
 25208 | Shoals:1 | Got a slimy lajatang
 25220 | Shoals:1 | Identified a scroll of acquirement
 25687 | Shoals:2 | Cast into level 3 of the Abyss (merfolk javelineer)
 25747 | Shoals:2 | Escaped the Abyss
 26400 | Shoals:2 | Reached XP level 16. HP: 97/132 MP: 19/19
 27311 | Shoals:3 | Found a frozen archway.
 27325 | IceCv    | Entered an ice cave
 28487 | IceCv    | Noticed an Ice Fiend
 28488 | IceCv    | Found the +5 pair of quick blades "Gyre" and "Gimble"
                  | {pierce, Dex-3}
 28494 | IceCv    | Killed an Ice Fiend
 28837 | Shoals:3 | Reached skill level 15 in Armour
 28843 | Shoals:3 | Reached skill level 15 in Shields
 28929 | Shoals:3 | Reached skill level 15 in Fighting
 28979 | Shoals:3 | Noticed Polyphemus
 29180 | Shoals:3 | Killed Polyphemus
 29510 | Shoals:3 | Found Zifituof's Assorted Antiques.
 29512 | Shoals:3 | Got a pair of transparent gloves
 29520 | Shoals:3 | Identified the cursed +0 pair of gloves of the Tuna {+Inv
                  | rC- rCorr Dex+2} (You found it on level 3 of the Shoals)
 29539 | Shoals:3 | Bought an ichor-stained spear for 288 gold pieces
 29539 | Shoals:3 | Bought a scroll of enchant weapon for 270 gold pieces
 29539 | Shoals:3 | Identified the +3 spear of Evil {vamp, *Corrode +Inv Str+8
                  | Stlth-} (You bought it in a shop on level 3 of the Shoals)
 29727 | Shoals:3 | Reached skill level 15 in Polearms
 30012 | Shoals:4 | Entered Level 4 of the Shoals
 30029 | Shoals:4 | Found Loymop's Gadget Emporium.
 30619 | Shoals:4 | Reached XP level 17. HP: 125/140 MP: 20/20
 30674 | Shoals:4 | Got a barnacled rune of Zot
 32076 | D:13     | Identified the Reference Book on the Frostbite
 32622 | D:14     | Noticed Rupert
 32630 | D:14     | Found a gate to the Vaults.
 32637 | D:14     | Killed Rupert
 32637 | D:14     | Reached skill level 10 in Throwing
 33148 | Vaults:1 | Entered Level 1 of the Vaults
 33336 | Vaults:1 | Identified a +2 pair of boots of running (You found it on
                  | level 1 of the Vaults)
 33533 | Vaults:1 | Found a ruined gateway.
 33537 | Desolati | Entered the Desolation of Salt
 33666 | Desolati | Got a faintly glowing shield
 33747 | Desolati | Identified the cursed +0 shield "Alang" {-Cast *Slow rElec
                  | Str+5} (You found it in the Desolation of Salt)
 33974 | Desolati | Upgraded the game from 0.23-b1-84-g6588a6b to 0.23.0
 34281 | Desolati | Got a coiled granite ring
 34283 | Desolati | Got a glittering lapis lazuli ring
 34292 | Desolati | Got a dazzling ring mail
 34516 | Desolati | Identified Sif Muna's Grimoire of the Mountains
 34535 | Desolati | Identified the +1 ring mail of the Nine People {rElec Int-3
                  | Dex+2} (You found it in the Desolation of Salt)
 34535 | Desolati | Lost intelligence.
 34561 | Desolati | Lost intelligence.
 34561 | Desolati | Identified the ring of Lies {*Tele rC+ Int-5 Dex+2 Slay+6}
                  | (You found it in the Desolation of Salt)
 34566 | Desolati | Identified the ring of Tiaq {rPois MR+ MP+9 Int-2} (You
                  | found it in the Desolation of Salt)
 34571 | Desolati | Got a shimmering chain mail
 34582 | Desolati | Identified the +1 chain mail "Longoocics" {rC+} (You found
                  | it in the Desolation of Salt)
 34637 | Desolati | Reached skill level 15 in Dodging
 34676 | Desolati | Reached XP level 18. HP: 130/150 MP: 21/21
 34842 | Desolati | Identified the Incunabulum of Protection and Lightness
 34846 | Desolati | Got a steaming golden ring
 34851 | Desolati | Identified the ring "Keineim" {Wiz rElec MR- Str+5} (You
                  | found it in the Desolation of Salt)
 35617 | Vaults:1 | Noticed Asterion
 35632 | Vaults:1 | Killed Asterion
 35767 | Vaults:1 | Found Duleynki's Book Shoppe.
 36433 | Vaults:2 | Found a staircase to the Crypt.
 36433 | Vaults:2 | Found an ancient bone altar of Kikubaaqudgha.
 36434 | Vaults:2 | Found a basalt altar of Yredelemnul.
 36652 | Vaults:2 | Noticed Sojobo
 36671 | Vaults:2 | Killed Sojobo
 36957 | Vaults:2 | Noticed Boris
 36971 | Vaults:2 | Killed Boris
 37157 | Vaults:2 | Got a glittering lapis lazuli ring
 37159 | Vaults:2 | Identified the ring "Vouzosch" {rElec rC+ rN+ Str-3 SInv}
                  | (You acquired it on level 2 of the Vaults)
 37353 | Vaults:2 | Noticed Nikola
 37362 | Vaults:2 | Killed Nikola
 37362 | Vaults:2 | Reached XP level 19. HP: 145/159 MP: 22/22
 37793 | Vaults:3 | Noticed Mennas
 37844 | Vaults:3 | Killed Mennas
 37926 | Vaults:3 | Found an ornate altar of the Wu Jian Council.
 38908 | Vaults:4 | Cast into level 4 of the Abyss (a deep elf sorcerer)
 39012 | Abyss:4  | Gained mutation: You occasionally shout uncontrollably at
                  | your foes. [a neqoxec]
 39030 | Abyss:4  | Gained mutation: You are very dopey. (Int -4) [a neqoxec]
 39031 | Abyss:4  | Gained mutation: Your body sometimes deteriorates upon
                  | taking damage. [a neqoxec]
 39093 | Abyss:4  | Reached XP level 20. HP: 35/169 MP: 23/23
 39097 | Vaults:4 | Escaped the Abyss
 39145 | Vaults:4 | Lost mutation: Your body sometimes deteriorates upon taking
                  | damage. [potion of mutation]
 39145 | Vaults:4 | Lost mutation: You are resistant to hostile enchantments.
                  | (MR+) [potion of mutation]
 39145 | Vaults:4 | Lost mutation: You are very dopey. (Int -4) [potion of
                  | mutation]
 39145 | Vaults:4 | Lost mutation: You occasionally shout uncontrollably at
                  | your foes. [potion of mutation]
 39145 | Vaults:4 | Gained mutation: You are partially covered in icy blue
                  | scales. (AC +2) [potion of mutation]
 39613 | Vaults:4 | Identified the +0 buckler of the Barber Surgeon {rF+} (You
                  | found it on level 4 of the Vaults)
 40881 | Vaults:4 | Paralysed by a great orb of eyes for 6 turns
 40992 | Vaults:5 | Entered Level 5 of the Vaults
 41060 | Vaults:5 | Noticed a golden dragon
 41086 | Vaults:5 | Killed a golden dragon
 41164 | Vaults:5 | HP: 8/170 [vault warden/+6 battleaxe of chopping (2)]
 41167 | Vaults:5 | HP: 3/170 [vault warden/+6 battleaxe of chopping (16)]
 41233 | Vaults:5 | Paralysed by an ogre mage for 6 turns
 41234 | Vaults:5 | HP: 5/171 [stone giant/large rock (10)]
 41236 | Vaults:5 | Killed from afar by an ogre mage

Skill      XL: |  1  2  3  4  5  6  7  8  9 10 11 12 13 14 15 16 17 18 19 20 |
---------------+-------------------------------------------------------------+-----
Dodging        | 1 2 3 4 5 6 7 8 10 11 12 13 14 15 16 17 | 17.5
Shields        | 4 5 6 8 9 10 11 12 13 14 15 16 17 18 | 18.9
Polearms       | 3 4 5 6 7 8 10 11 12 13 14 15 16 17 18 | 18.0
Fighting       | 4 5 6 8 9 10 11 12 13 14 15 16 17 18 19 | 19.0
Armour         | 4 5 6 8 9 10 11 12 13 14 15 16 17 18 19 | 19.0
Throwing       | 1 2 3 4 5 6 7 8 9 10 11 12 | 12.1
Invocations    | 1 3 4 5 6 |  6.0

Action                   |  1- 3 |  4- 6 |  7- 9 | 10-12 | 13-15 | 16-18 | 19-21 || total
-------------------------+-------+-------+-------+-------+-------+-------+-------++-------
Melee: Trident           |    97 |   153 |   200 |       |       |       |       ||   450
       Headbutt          |    10 |    17 |    51 |    95 |   178 |   328 |   208 ||   887
       Spear             |       |       |   134 |   195 |       |       |       ||   329
       Glaive            |       |       |       |   293 |   822 |   254 |       ||  1369
       Demon trident     |       |       |       |       |       |  1035 |   744 ||  1779
Throw: Tomahawk          |       |       |       |     2 |    34 |       |       ||    36
       Javelin           |       |       |       |       |       |    30 |    13 ||    43
Invok: Ancestor Life: Ba |       |       |     1 |       |       |       |       ||     1
       Recall Ancestor   |       |       |       |       |     2 |     2 |     3 ||     7
Evoke: Wand              |       |       |       |     8 |    24 |    20 |    15 ||    67
       Box of beasts     |       |       |       |     2 |       |       |       ||     2
       Lamp of fire      |       |       |       |       |     3 |     4 |     3 ||    10
       Lightning rod     |       |       |       |       |       |    11 |    14 ||    25
  Use: Scroll            |       |     6 |    13 |    16 |    22 |    16 |    14 ||    87
       Potion            |       |       |     2 |       |    14 |     8 |    15 ||    39
 Stab: Distracted        |       |     2 |     2 |     4 |     8 |    16 |    11 ||    43
       Sleeping          |       |       |    13 |    23 |       |       |       ||    36
       Invisible         |       |       |       |       |     3 |       |       ||     3
       Held in net/web   |       |       |       |       |     1 |       |       ||     1
       Petrified         |       |       |       |       |       |     1 |       ||     1
  Eat: Chunk             |     1 |     7 |     9 |    16 |     9 |    25 |     9 ||    76
       Ration            |       |       |     1 |     2 |     9 |     3 |     1 ||    16
Armor: Ring mail         |    20 |    32 |       |       |       |       |       ||    52
       Shadow dragon sca |       |     3 |    98 |   223 |    29 |       |       ||   353
       Plate armour      |       |       |       |       |   731 |   367 |   159 ||  1257
Dodge: Dodged            |    20 |    38 |    44 |   244 |   987 |   495 |   226 ||  2054
Block: Shield            |    33 |    24 |    98 |    83 |       |       |       ||   238
       Other             |       |       |       |       |    31 |    16 |       ||    47
       Large shield      |       |       |       |       |       |   809 |   627 ||  1436
       Reflection        |       |       |       |       |       |    77 |    51 ||   128
